SA
NIAGARA FALLS EXPOS @ LOUISIANA DRAGOONS
07/11/2024
 
TOP OF THE 1ST
Niagara Falls Expos batting - Pitching for Louisiana Dragoons : LHP Nick Mason
Pitching: LHP Nick Mason
Batting: LHB Arturo Gonzáles 0-0: Ball
1-0: Called Strike
1-1: Ball
2-1: Foul Ball, location: 2F
2-2: Strikes out swinging
Batting: RHB Demeter Valverde 0-0: Foul Ball, location: 2F
0-1: Ground out 1-3 (Groundball, 13S)
Batting: SHB Javier Vega 0-0: Ball
1-0: Foul Ball, location: 2F
1-1: Swinging Strike
1-2: Ball
2-2: Strikes out swinging
Top of the 1st over - 0 run(s), 0 hit(s), 0 error(s), 0 left on base; Niagara Falls 0 - Louisiana 0
BOTTOM OF THE 1ST
Louisiana Dragoons batting - Pitching for Niagara Falls Expos : RHP Santiago López
Pitching: RHP Santiago López
Batting: RHB Wessel Wemerman 0-0: Ground out 6-3 (Groundball, 6)
Batting: RHB Fernando Rutledge 0-0: Fly out, F5 (Line Drive, 56)
Batting: RHB Anastasio Hernández 0-0: Called Strike
0-1: Ball
1-1: Swinging Strike
1-2: Ball
2-2: Ball
3-2: Base on Balls
Batting: RHB Warren Willis 0-0: Ball
Throwing error on steal attempt, E2
Anastasio Hernández to third
1-0: Foul Ball, location: 2F
1-1: Ball
2-1: Swinging Strike
2-2: Foul Ball, location: 2F
2-2: Ball
3-2: Strikes out looking
Bottom of the 1st over - 0 run(s), 0 hit(s), 1 error(s), 1 left on base; Niagara Falls 0 - Louisiana 0
TOP OF THE 2ND
Niagara Falls Expos batting - Pitching for Louisiana Dragoons : LHP Nick Mason
Batting: RHB António Mendoza 0-0: Ball
1-0: Swinging Strike
1-1: Called Strike
1-2: Ball
2-2: Foul Ball, location: 2F
2-2: Ball
3-2: Strikes out swinging
Batting: RHB Luis Rodríguez 0-0: SINGLE (Groundball, 34D)
Batting: RHB Alejandro Garza 0-0: Ball
1-0: Ball
2-0: Called Strike
2-1: SINGLE (Groundball, 56D)
Luis Rodríguez to second
Batting: RHB Alonso Zavala 0-0: Called Strike
0-1: Called Strike
0-2: Foul Ball, location: 2F
0-2: Fielders Choice at 2nd, 1-6 (Groundball, 13S)
Luis Rodríguez to third
Batting: SHB Bob Lambert 0-0: Ball
1-0: Ball
2-0: Ball
3-0: Called Strike
3-1: Foul Ball, location: 2F
3-2: Base on Balls
Alonso Zavala to second
Batting: RHB Roberto Camacho 0-0: Called Strike
0-1: Ball
1-1: Foul Ball, location: 2F
1-2: Foul Ball, location: 2F
1-2: Ball
2-2: Fielders Choice at 2nd, 5-4 (Groundball, 56)
Top of the 2nd over - 0 run(s), 2 hit(s), 0 error(s), 2 left on base; Niagara Falls 0 - Louisiana 0
BOTTOM OF THE 2ND
Louisiana Dragoons batting - Pitching for Niagara Falls Expos : RHP Santiago López
Batting: LHB Damian Delaney 0-0: Ground out 6-3 (Groundball, 6M)
Batting: RHB Jaime Cruz 0-0: Foul Ball, location: 2F
0-1: Ball
1-1: Ball
2-1: Ball
3-1: DOUBLE (Flyball, 8LD)
Batting: RHB José Rodríguez 0-0: Foul Ball, location: 2F
0-1: Ball
1-1: Ball
Jaime Cruz is caught stealing 3rd base
2-1: Fly out, F7 (Flyball, 7M)
Bottom of the 2nd over - 0 run(s), 1 hit(s), 0 error(s), 0 left on base; Niagara Falls 0 - Louisiana 0
TOP OF THE 3RD
Niagara Falls Expos batting - Pitching for Louisiana Dragoons : LHP Nick Mason
Batting: LHB Arturo Gonzáles 0-0: Called Strike
0-1: Called Strike
0-2: Ball
1-2: Ground out 6-3 (Groundball, 6)
Batting: RHB Demeter Valverde 0-0: Ball
1-0: SINGLE (Groundball, 4MD)
Batting: SHB Javier Vega 0-0: Called Strike
0-1: Fly out, F3 (Popup, 3L)
Batting: RHB António Mendoza 0-0: Swinging Strike
0-1: Swinging Strike
0-2: Ground out 5-3 (Groundball, 56)
Top of the 3rd over - 0 run(s), 1 hit(s), 0 error(s), 1 left on base; Niagara Falls 0 - Louisiana 0
BOTTOM OF THE 3RD
Louisiana Dragoons batting - Pitching for Niagara Falls Expos : RHP Santiago López
Batting: RHB Armando Carmona 0-0: Called Strike
0-1: DOUBLE (Groundball, 3L)
Batting: RHB Eduardo Rivera 0-0: Ball
Armando Carmona is caught stealing 3rd base
1-0: Ball
2-0: Foul Ball, location: 2F
2-1: Swinging Strike
2-2: Strikes out swinging
Batting: RHB Wessel Wemerman 0-0: Ball
1-0: Foul Ball, location: 2F
1-1: Ball
2-1: Ball
3-1: Called Strike
3-2: Strikes out swinging
Bottom of the 3rd over - 0 run(s), 1 hit(s), 0 error(s), 0 left on base; Niagara Falls 0 - Louisiana 0
TOP OF THE 4TH
Niagara Falls Expos batting - Pitching for Louisiana Dragoons : LHP Nick Mason
Batting: RHB Luis Rodríguez 0-0: Ball
1-0: Ball
2-0: Called Strike
2-1: SINGLE (Flyball, 78S)
Batting: RHB Alejandro Garza 0-0: Ball
1-0: Called Strike
1-1: Called Strike
1-2: Foul Ball, location: 2F
1-2: Foul Ball, location: 2F
1-2: Ball
2-2: Grounds into double play, 6-4-3 (Groundball, 6M)
Batting: RHB Alonso Zavala 0-0: Ball
1-0: Swinging Strike
1-1: Swinging Strike
1-2: Ball
2-2: Strikes out swinging
Top of the 4th over - 0 run(s), 1 hit(s), 0 error(s), 0 left on base; Niagara Falls 0 - Louisiana 0
BOTTOM OF THE 4TH
Louisiana Dragoons batting - Pitching for Niagara Falls Expos : RHP Santiago López
Batting: RHB Fernando Rutledge 0-0: Called Strike
0-1: Swinging Strike
0-2: Ball
1-2: Strikes out swinging
Batting: RHB Anastasio Hernández 0-0: Called Strike
0-1: Foul Ball, location: 2F
0-2: Foul Ball, location: 2F
0-2: Ground out 1-3 (Groundball, 15)
Batting: RHB Warren Willis 0-0: Called Strike
0-1: Fly out, F9 (Flyball, 89D)
Bottom of the 4th over - 0 run(s), 0 hit(s), 0 error(s), 0 left on base; Niagara Falls 0 - Louisiana 0
TOP OF THE 5TH
Niagara Falls Expos batting - Pitching for Louisiana Dragoons : LHP Nick Mason
Batting: SHB Bob Lambert 0-0: Fly out, F6 (Popup, 5D)
Batting: RHB Roberto Camacho 0-0: Swinging Strike
0-1: Swinging Strike
0-2: Foul Ball, location: 2F
0-2: Foul Ball, location: 2F
0-2: Fly out, F5 (Line Drive, 56)
Batting: LHB Arturo Gonzáles 0-0: Swinging Strike
0-1: Swinging Strike
0-2: Ball
1-2: Strikes out looking
Top of the 5th over - 0 run(s), 0 hit(s), 0 error(s), 0 left on base; Niagara Falls 0 - Louisiana 0
BOTTOM OF THE 5TH
Louisiana Dragoons batting - Pitching for Niagara Falls Expos : RHP Santiago López
Batting: LHB Damian Delaney 0-0: Called Strike
0-1: Ball
1-1: Ball
2-1: Ground out 3-1 (Groundball, 34S)
Batting: RHB Jaime Cruz 0-0: Ground out U3 (Groundball, 3)
Batting: RHB José Rodríguez 0-0: Fly out, F9 (Flyball, 9M)
Bottom of the 5th over - 0 run(s), 0 hit(s), 0 error(s), 0 left on base; Niagara Falls 0 - Louisiana 0
TOP OF THE 6TH
Niagara Falls Expos batting - Pitching for Louisiana Dragoons : LHP Nick Mason
Batting: RHB Demeter Valverde 0-0: Ball
1-0: Ground out 6-3 (Groundball, 6)
Batting: SHB Javier Vega 0-0: Ball
1-0: Called Strike
1-1: Ball
2-1: Ground out 3-1 (Groundball, 34)
Batting: RHB António Mendoza 0-0: Ball
1-0: Ball
Single, Error in OF, E8, batter to second base
Batting: RHB Luis Rodríguez 0-0: Foul Ball, location: 2F
0-1: Swinging Strike
0-2: Ground out 1-3 (Groundball, 15S)
Top of the 6th over - 0 run(s), 1 hit(s), 1 error(s), 1 left on base; Niagara Falls 0 - Louisiana 0
BOTTOM OF THE 6TH
Louisiana Dragoons batting - Pitching for Niagara Falls Expos : RHP Santiago López
Batting: RHB Armando Carmona 0-0: Ball
1-0: Called Strike
1-1: Swinging Strike
1-2: Ball
2-2: Strikes out swinging
Batting: RHB Eduardo Rivera 0-0: Foul Ball, location: 2F
0-1: Ground out U3 (Groundball, 3L)
Batting: RHB Wessel Wemerman 0-0: Called Strike
0-1: Called Strike
0-2: Foul Ball, location: 2F
0-2: Foul Ball, location: 2F
0-2: Ball
1-2: Fly out, F4 (Line Drive, 4)
Bottom of the 6th over - 0 run(s), 0 hit(s), 0 error(s), 0 left on base; Niagara Falls 0 - Louisiana 0
TOP OF THE 7TH
Niagara Falls Expos batting - Pitching for Louisiana Dragoons : LHP Nick Mason
Batting: RHB Alejandro Garza 0-0: Swinging Strike
0-1: SINGLE (Groundball, 56)
Pitching: RHP Lou Erwin
Pinch Runner at 1st Xing-li Wang:
Batting: RHB Alonso Zavala 0-0: Bunted foul
0-1: Bunted foul
0-2: Foul Ball, location: 2F
0-2: Grounds into double play, 6-4-3 (Groundball, 6)
Batting: SHB Bob Lambert 0-0: Called Strike
0-1: Foul Ball, location: 2F
0-2: Fly out, F8 (Flyball, 8RM)
Top of the 7th over - 0 run(s), 1 hit(s), 0 error(s), 0 left on base; Niagara Falls 0 - Louisiana 0
BOTTOM OF THE 7TH
Louisiana Dragoons batting - Pitching for Niagara Falls Expos : RHP Santiago López
Pinch Hitting: LHB Luis Moreno 0-0: Foul Ball, location: 2F
0-1: Foul Ball, location: 2F
0-2: Foul Ball, location: 2F
0-2: SINGLE (Line Drive, 6MD)
Pinch Hitting: RHB Roberto Hernández 0-0: Ball
1-0: Called Strike
1-1: Foul Ball, location: 2F
1-2: Strikes out looking
Batting: RHB Warren Willis 0-0: Ball
1-0: Foul Ball, location: 2F
1-1: Ball
2-1: Ball
3-1: Foul Ball, location: 2F
3-2: Foul Ball, location: 2F
3-2: Fly out, F8 (Flyball, 89M)
Batting: LHB Damian Delaney 0-0: Called Strike
Luis Moreno is caught stealing 2nd base
Bottom of the 7th over - 0 run(s), 1 hit(s), 0 error(s), 0 left on base; Niagara Falls 0 - Louisiana 0
TOP OF THE 8TH
Niagara Falls Expos batting - Pitching for Louisiana Dragoons : RHP Lou Erwin
Now in LF: Roberto Hernández
Now in RF: Luis Moreno
Pinch Hitting: LHB Gilberto Jiménez 0-0: Swinging Strike
0-1: Ball
1-1: Hit by Pitch
Batting: LHB Arturo Gonzáles 0-0: Called Strike
0-1: Swinging Strike
0-2: Ball
1-2: Fly out, F8 (Line Drive, 8LM)
Batting: RHB Demeter Valverde 0-0: Ball
1-0: Called Strike
1-1: Foul Ball, location: 2F
1-2: Fly out, F4 (Popup, 4)
Batting: SHB Javier Vega 0-0: Ball
1-0: Fielders Choice at 2nd, 6-4 (Groundball, 6MS)
Top of the 8th over - 0 run(s), 0 hit(s), 0 error(s), 0 left on base; Niagara Falls 0 - Louisiana 0
BOTTOM OF THE 8TH
Louisiana Dragoons batting - Pitching for Niagara Falls Expos : RHP Santiago López
Now at 3B: Jim Unknown
Batting: LHB Damian Delaney 0-0: Fly out, F9 (Flyball, 89S)
Batting: RHB Jaime Cruz 0-0: Called Strike
0-1: Ball
1-1: Swinging Strike
1-2: Reached on Error, E9 (Flyball, 9M)
Batting: RHB José Rodríguez 0-0: Ball
1-0: Grounds into double play, 4-6-3 (Groundball, 4)
Bottom of the 8th over - 0 run(s), 0 hit(s), 1 error(s), 0 left on base; Niagara Falls 0 - Louisiana 0
TOP OF THE 9TH
Niagara Falls Expos batting - Pitching for Louisiana Dragoons : RHP Lou Erwin
Pitching: RHP Gerardo Tolemto
Batting: RHB António Mendoza 0-0: Foul Ball, location: 2F
0-1: Ball
1-1: Ball
2-1: Swinging Strike
2-2: Foul Ball, location: 2F
2-2: Ball
3-2: Strikes out looking
Batting: RHB Luis Rodríguez 0-0: Called Strike
0-1: Foul Ball, location: 2F
0-2: Strikes out swinging
Batting: RHB Xing-li Wang 0-0: Called Strike
0-1: Swinging Strike
0-2: Ground out 5-3 (Groundball, 56)
Top of the 9th over - 0 run(s), 0 hit(s), 0 error(s), 0 left on base; Niagara Falls 0 - Louisiana 0
BOTTOM OF THE 9TH
Louisiana Dragoons batting - Pitching for Niagara Falls Expos : RHP Santiago López
Pinch Hitting: RHB Jim Unknown 0-0: Foul Ball, location: 2F
0-1: SINGLE (Groundball, 6MD)
Batting: RHB Eduardo Rivera 0-0: Ball
1-0: Bunted foul
1-1: Sac Bunt - play at second, runner OUT! 1-6
Pitching: LHP Cherles Gachineiro
Batting: RHB Wessel Wemerman 0-0: Called Strike
0-1: Ball
1-1: Foul Ball, location: 2F
1-2: Foul Ball, location: 2F
1-2: Ball
2-2: Ball
Wild Pitch!
Eduardo Rivera to second
3-2: Intentional Walk
Pinch Hitting: RHB Sancho Rodríguez 0-0: Foul Ball, location: 2F
0-1: Grounds into double play, 1-6-3 (Groundball, 23)
Bottom of the 9th over - 0 run(s), 1 hit(s), 0 error(s), 1 left on base; Niagara Falls 0 - Louisiana 0
TOP OF THE 10TH
Niagara Falls Expos batting - Pitching for Louisiana Dragoons : RHP Gerardo Tolemto
Now at 3B: Sancho Rodríguez
Now in LF: Jim Unknown
Batting: RHB Alonso Zavala 0-0: Ball
1-0: Ball
2-0: Fly out, F9 (Flyball, 9S)
Batting: SHB Bob Lambert 0-0: SOLO HOME RUN (Flyball, 9LD), Distance : 345 ft
Batting: RHB Jim Unknown 0-0: Ground out 1-3 (Groundball, 23)
Batting: LHB Arturo Gonzáles 0-0: Called Strike
0-1: Ball
1-1: Foul Ball, location: 2F
1-2: Ball
2-2: Strikes out swinging
Top of the 10th over - 1 run(s), 1 hit(s), 0 error(s), 0 left on base; Niagara Falls 1 - Louisiana 0
BOTTOM OF THE 10TH
Louisiana Dragoons batting - Pitching for Niagara Falls Expos : LHP Cherles Gachineiro
Pitching: LHP Sergio Zamora
Batting: RHB Roberto Hernández 0-0: Ball
1-0: Called Strike
1-1: Called Strike
1-2: SOLO HOME RUN (Flyball, 8LXD), Distance : 445 ft
Batting: RHB Warren Willis 0-0: Foul Ball, location: 2F
0-1: Foul Ball, location: 2F
0-2: Foul Ball, location: 2F
0-2: Strikes out swinging
Batting: LHB Damian Delaney 0-0: Ball
1-0: Fly out, F6 (Popup, 7S)
Batting: RHB Jaime Cruz 0-0: Ground out 5-3 (Groundball, 5S)
Bottom of the 10th over - 1 run(s), 1 hit(s), 0 error(s), 0 left on base; Niagara Falls 1 - Louisiana 1
TOP OF THE 11TH
Niagara Falls Expos batting - Pitching for Louisiana Dragoons : RHP Gerardo Tolemto
Batting: RHB Demeter Valverde 0-0: Called Strike
0-1: Foul Ball, location: 2F
0-2: Ball
1-2: Ball
2-2: Ball
3-2: Strikes out swinging
Batting: SHB Javier Vega 0-0: Ball
1-0: Swinging Strike
1-1: Foul Ball, location: 2F
1-2: Foul Ball, location: 2F
1-2: Strikes out swinging
Batting: RHB António Mendoza 0-0: Fly out, F2 (Popup, 2RF)
Top of the 11th over - 0 run(s), 0 hit(s), 0 error(s), 0 left on base; Niagara Falls 1 - Louisiana 1
BOTTOM OF THE 11TH
Louisiana Dragoons batting - Pitching for Niagara Falls Expos : LHP Sergio Zamora
Batting: RHB José Rodríguez 0-0: Called Strike
0-1: Foul Ball, location: 2F
0-2: Strikes out looking
Batting: RHB Jim Unknown 0-0: Swinging Strike
0-1: Ball
1-1: Foul Ball, location: 2F
1-2: Ball
2-2: DOUBLE (Line Drive, 7LS)
Batting: RHB Eduardo Rivera 0-0: Foul Ball, location: 2F
0-1: Ball
1-1: Called Strike
1-2: Fly out, F7 (Line Drive, 7M)
Batting: RHB Wessel Wemerman 0-0: Ball
1-0: Called Strike
1-1: Ball
2-1: Called Strike
2-2: Ball
3-2: Ground out 6-3 (Groundball, 6)
Bottom of the 11th over - 0 run(s), 1 hit(s), 0 error(s), 1 left on base; Niagara Falls 1 - Louisiana 1
TOP OF THE 12TH
Niagara Falls Expos batting - Pitching for Louisiana Dragoons : RHP Gerardo Tolemto
Batting: RHB Luis Rodríguez 0-0: Called Strike
0-1: Ball
1-1: Ball
2-1: Called Strike
2-2: Fly out, F8 (Flyball, 78M)
Batting: RHB Xing-li Wang 0-0: Called Strike
0-1: Ball
1-1: Called Strike
1-2: Ball
2-2: Strikes out swinging
Batting: RHB Alonso Zavala 0-0: Ball
1-0: Ball
2-0: Foul Ball, location: 2F
2-1: Ground out 6-3 (Groundball, 6)
Top of the 12th over - 0 run(s), 0 hit(s), 0 error(s), 0 left on base; Niagara Falls 1 - Louisiana 1
BOTTOM OF THE 12TH
Louisiana Dragoons batting - Pitching for Niagara Falls Expos : LHP Sergio Zamora
Pitching: RHP Manuel Montés
Batting: RHB Sancho Rodríguez 0-0: Ball
1-0: Foul Ball, location: 2F
1-1: Ball
2-1: Ball
3-1: Ground out 1-3 (Groundball, 25)
Batting: RHB Roberto Hernández 0-0: Ball
1-0: Ball
2-0: Called Strike
2-1: Swinging Strike
2-2: Ball
3-2: Strikes out looking
Batting: RHB Warren Willis 0-0: Fly out, F4 (Popup, 4D)
Bottom of the 12th over - 0 run(s), 0 hit(s), 0 error(s), 0 left on base; Niagara Falls 1 - Louisiana 1
TOP OF THE 13TH
Niagara Falls Expos batting - Pitching for Louisiana Dragoons : RHP Gerardo Tolemto
Batting: SHB Bob Lambert 0-0: Swinging Strike
0-1: Ball
1-1: Ball
2-1: Ball
3-1: Base on Balls
Batting: RHB Jim Unknown 0-0: Foul Ball, location: 2F
0-1: Bunted foul
0-2: Strikes out swinging
Batting: LHB Arturo Gonzáles 0-0: Ball
1-0: Foul Ball, location: 2F
1-1: Fly out, F8 (Flyball, 8LM)
Pitching: RHP Jody Bennett
Batting: RHB Demeter Valverde 0-0: Called Strike
0-1: Fielders Choice at 2nd, U4 (Groundball, 4M)
Top of the 13th over - 0 run(s), 0 hit(s), 0 error(s), 1 left on base; Niagara Falls 1 - Louisiana 1
BOTTOM OF THE 13TH
Louisiana Dragoons batting - Pitching for Niagara Falls Expos : RHP Manuel Montés
Batting: LHB Damian Delaney 0-0: Foul Ball, location: 2F
0-1: Hit by Pitch
Batting: RHB Jaime Cruz 0-0: Ball
1-0: Called Strike
1-1: Ball
Damian Delaney steals 2nd base
2-1: Intentional Walk
Batting: RHB José Rodríguez 0-0: Sac Bunt - play at first, batter OUT! 1-4
Damian Delaney to third
Jaime Cruz to second
Batting: RHB Jim Unknown 0-0: Intentional Walk
Batting: RHB Eduardo Rivera 0-0: Ball
1-0: Ball
2-0: Called Strike
2-1: Ball
3-1: Base on Balls
Damian Delaney scores
Jaime Cruz to third
Jim Unknown to second
This league is powered by Out of the Park Baseball, the baseball management simulation game for PC, Mac and Linux
Monday, October 3rd, 2016 - OOTP Baseball 16.9 Build 39